 Dungeon Crawl Stone Soup version 0.30-a0-1085-g990a428a5c (webtiles) character file.

Game seed: 16817993723744684246

1413 NateTC the Trooper (level 8, -3/52 HPs)
             Began as a Gargoyle Fighter on Apr 16, 2023.
             Was a Believer of Elyvilon.
             Engulfed by a steam dragon's steam (7 damage)
             ... on level 7 of the Dungeon.
             The game lasted 00:14:46 (4521 turns).

NateTC the Trooper (Gargoyle Fighter)               Turns: 4521, Time: 00:14:46

Health: -3/52      AC: 14    Str: 20    XL:     8   Next: 71%
Magic:  8/8        EV:  9    Int:  9    God:    Elyvilon [**....]
Gold:   263        SH:  5    Dex: 11    Spells: 4/7 levels left

rFire   . . .      SeeInvis .    a - +0 flail (freeze)
rCold   + . .      Faith    .    c - +0 buckler
rNeg    + . .      Spirit   .    b - +0 scale mail
rPois   ∞          Reflect  .    (no helmet)
rElec   +          Rampage  .    (no cloak)
rCorr   .                        o - +1 pair of gloves
Will    .....                    (no boots) Stlth
                                 l - amulet of magic regeneration
HPRegen 0.28/turn                r - ring of protection from cold
MPRegen 0.51/turn                (no ring)

@: no status effects
A: sickness immunity, AC +5, negative energy resistance 1, electricity
resistance, torment resistance 1, petrification resistance
a: Renounce Religion, Purification, Heal Other


You were on level 7 of the Dungeon.
You worshipped Elyvilon.
Elyvilon was pleased with you.
You visited 1 branch of the dungeon, and saw 7 of its levels.

You collected 263 gold pieces.

Inventory:

Hand Weapons
 a - a +0 flail of freezing (weapon)
Missiles
 e - a throwing net (quivered)
Armour
 b - a +0 scale mail (worn)
 c - a +0 buckler (worn)
 o - a +1 pair of gloves (worn)
Jewellery
 l - an amulet of magic regeneration (around neck)
 r - a ring of protection from cold (left hand)
 s - a +5 ring of evasion
Wands
 n - a wand of flame (4)
 q - a wand of paralysis (11)
Scrolls
 m - a scroll of silence
 t - a scroll of identify
Potions
 d - 2 potions of berserk rage
 f - a potion of ambrosia
 g - a potion of flight
 h - a potion of attraction
 i - 2 potions of curing
 j - 2 potions of haste
 k - 2 potions of might
 p - 2 potions of heal wounds


   Skills:
 - Level 6.4 Fighting
 * Level 6.0 Maces & Flails
 - Level 4.2 Armour
 + Level 1.5 Dodging
 + Level 4.7 Shields
 - Level 3.5 Conjurations
 - Level 3.5 Hexes


You had 4 spell levels left.
You knew the following spells:

 Your Spells              Type           Power      Damage    Failure   Level
a - Dazzling Flash        Conj/Hex       12%        N/A       71%         3

Your spell library contained the following spells:

 Spells                   Type           Power      Damage    Failure   Level
 Magic Dart               Conj           24%        1d4       34%         1
 Searing Ray              Conj           12%        2d4       45%         2
 Shock                    Conj/Air       12%        1d3       56%         1
 Fulminant Prism          Conj/Hex       3%         3d5       98%         4
 Swiftness                Air            0%         N/A       99%         3
 Volatile Blastmotes      Fire/Tloc      0%         2d10      99%         3
 Airstrike                Air            0%         2d(0-16)  100%        4
 Iskenderun's Mystic Bla  Conj/Tloc      3%         2d3       100%        4
 Starburst                Conj/Fire      1%         6d3       100%        6


Dungeon Overview and Level Annotations

Branches:
Dungeon (7/15) Zot: 26451
 Temple: D:4-7

Altars:
Elyvilon
Fedhas

Shops:
D:1 (

Annotations:
D:5 2 runed translucent doors, Aneyh's ghost, novice TeMo


Innate Abilities, Weirdness & Mutations

You are immune to sickness and miasma.
Your stone body is resilient. (AC +5)
You are immune to poison.
You resist negative energy. (rN+)
You are resistant to electric shocks. (rElec)
You are resistant to unholy torment.
You are immune to petrification.


Message History

You are engulfed in a cloud of scalding steam.
You block the centaur's attack.
The centaur kicks you but does no damage.
The steam dragon breathes steam at you. The ball of steam hits you!
The centaur hits you but does no damage.
You block the centaur's attack.
The steam dragon attacks as you move away!
The steam dragon barely misses you. The steam dragon claws you.
You are engulfed in a cloud of scalding steam.
The centaur hits you.
The centaur kicks you but does no damage.
There is a stone staircase leading down here.
You can't go up here!
The centaur hits you but does no damage.
The centaur kicks you but does no damage.
The steam dragon bites you but does no damage.
The steam dragon barely misses you.
The centaur hits you but does no damage.
The centaur kicks you but does no damage.
You climb downwards.
There is a stone staircase leading up, spattered with blood here.
Items here: )) [[ ÷÷.
You sock the centaur! You freeze the centaur.
You kill the centaur!
The steam dragon bites you. You block the steam dragon's attack.
The steam dragon barely misses you.
The steam dragon claws you but does no damage.
Training target 3.5 for Hexes reached!
Your Maces & Flails skill increases to level 6!
You closely miss the steam dragon.
The steam dragon bites you but does no damage.
The steam dragon claws you.
You hit the steam dragon but do no damage.
The steam dragon breathes steam at you. The ball of steam hits you!
* * * LOW HITPOINT WARNING * * *
You barely miss the steam dragon.
You are engulfed in a cloud of scalding steam.
You die...

#..##.#..
#.......########
#..............#
#............#.#
#........###.#.#
#........# #.#.#
#........# #.#.#
########.###)#.#
#..[D@§§#
#.####### #.#
#.#######
#.........#
#.........##
#..#...#...
#......#..#
#..#.#.#..#


You could see a steam dragon (catching breath).

Vanquished Creatures
  Sigmund (D:3)
  Menkaure (D:4)
  A water moccasin (D:7)
  A sky beast (D:5)
  An ogre (D:2)
  A centaur (D:7)
  2 phantoms
  2 howler monkeys (D:7)
  2 orc priests
  A hound (D:5)
  2 iguanas
  2 sleepcaps
  4 orc wizards
  4 adders
  13 gnolls
  An ufetubus (D:7)
  3 worms
  4 dart slugs
  14 orcs
  3 ball pythons
  5 endoplasms
  3 giant cockroaches
  8 hobgoblins
  8 kobolds
  4 quokkas
  7 bats
  5 frilled lizards
  5 goblins
  4 rats
112 creatures vanquished.

Notes
Turn   | Place    | Note
-------+----------+-------------------------------------------
     0 | D:1      | NateTC the Gargoyle Fighter began the quest for the Orb.
     0 | D:1      | Reached XP level 1. HP: 14/14 MP: 1/1
   122 | D:1      | Reached XP level 2. HP: 19/19 MP: 2/2
   209 | D:1      | Found Leppaojuz's Weapon Emporium.
   339 | D:1      | Reached XP level 3. HP: 20/24 MP: 3/3
   992 | D:2      | Reached XP level 4. HP: 29/29 MP: 4/4
  1063 | D:2      | Found a white marble altar of Elyvilon.
  1089 | D:2      | Became a worshipper of Elyvilon the Healer
  1108 | D:2      | Noticed an ogre
  1115 | D:2      | Killed an ogre
  1116 | D:2      | Reached XP level 5. HP: 34/34 MP: 5/5
  1657 | D:3      | Learned a level 3 spell: Dazzling Flash
  1724 | D:3      | Noticed Sigmund
  1739 | D:3      | Killed Sigmund
  1740 | D:3      | Reached skill level 5 in Fighting
  1740 | D:3      | Reached skill level 1 in Conjurations
  1740 | D:3      | Reached skill level 1 in Hexes
  1740 | D:3      | Reached XP level 6. HP: 39/40 MP: 6/6
  1862 | D:3      | Reached * piety under Elyvilon
  2522 | D:4      | Noticed Menkaure
  2547 | D:3      | Reached XP level 7. HP: 26/45 MP: 7/7
  2624 | D:4      | Killed Menkaure
  3102 | D:4      | Reached ** piety under Elyvilon
  3173 | D:5      | Entered Level 5 of the Dungeon
  3854 | D:5      | Reached XP level 8. HP: 40/52 MP: 8/8
  3917 | D:5      | Found a large runed translucent door.
  3918 | D:5      | Found a large runed translucent door.
  3920 | D:5      | Noticed Aneyh's ghost (novice TeMo)
  3944 | D:5      | Found a blossoming altar of Fedhas.
  3953 | D:5      | You fall into a shaft and drop 2 floors!
  4013 | D:6      | Reached skill level 5 in Maces & Flails
  4014 | D:6      | Reached *** piety under Elyvilon
  4223 | D:7      | Reached skill level 1 in Dodging
  4521 | D:7      | Engulfed by a steam dragon's steam

Illustrated notes

Levels and vault maps discovered:
D:1:      onia_arrival_mini_maze_b, layout_basic, serial_shops,
          nicolae_shop_bloodbath_and_beyond
D:2:      layout_basic, basic_altar
D:3:      layout_basic, uniq_sigmund
D:4:      layout_basic, uniq_menkaure
D:5:      layout_gridville, mainiacjoe_overflow_alcove_1,
          ebering_ghost_disaster_area
D:6:      layout_layer_cave, serial_shops, nicolae_shop_stone,
          minmay_fractal_squares_diagonal_5
D:7:      layout_basic, zin_angel, minmay_temple_entry_large_hall

Skill      XL: |  1  2  3  4  5  6  7  8 |
---------------+-------------------------+-----
Fighting       | 4 5 6 |  6.4
Maces & Flails | 3 4 6 |  6.0
Armour         | 4 |  4.2
Shields        | 4 |  4.7
Conjurations   | 1 3 |  3.5
Hexes          | 1 2 3 |  3.5
Dodging        | 1 |  1.5

Action                     |  1- 3 |  4- 6 |  7- 9 || total
---------------------------+-------+-------+-------++-------
  Melee: Flail             |    94 |   148 |   249 ||   491
 Invoke: Heal Self         |       |       |     1 ||     1
    Use: Scroll            |     3 |     6 |     2 ||    11
         Potion            |       |     1 |       ||     1
 Armour: Scale mail        |    40 |    82 |   251 ||   373
  Dodge: Dodged            |    49 |    70 |   155 ||   274
  Block: Buckler           |    21 |    34 |    67 ||   122

Table legend: (Time is in decaauts)
 A = Elapsed time spent in this place.
 B = Non-inter-level travel time spent in this place.
 C = Inter-level travel time spent in this place.
 D = Time resting spent in this place.
 E = Time spent auto-exploring this place.
 F = Levels seen in this place.
 G = Mean time per level.
                   A        B        C        D        E       F      G
               +--------+--------+--------+--------+--------+-----+--------+
         Total |   4653 |   4490 |    163 |    903 |   1718 |   7 |  664.7 |
       Dungeon |   4653 |   4490 |    163 |    903 |   1718 |   7 |  664.7 |
               +--------+--------+--------+--------+--------+-----+--------+

Top non-repeatable levels by time:
     D:1: 897 daAuts
     D:4: 854 daAuts
     D:5: 801 daAuts
     D:3: 754 daAuts
     D:2: 753 daAuts
     D:7: 534 daAuts
     D:6: 58 daAuts
